 Dungeon Crawl Stone Soup version 0.23.2-30-g0e89c35649 (webtiles) character file.

Game seed: 14215749347298125385

140 Revguard the Slasher (level 5, -5/38 HPs)
             Began as a Demonspawn Gladiator on June 14, 2019.
             Was an Initiate of Makhleb.
             Killed by divine providence
             ... invoked by an orc priest
              (14 damage)
             ... on level 3 of the Dungeon.
             The game lasted 00:05:05 (1867 turns).

Revguard the Slasher (Demonspawn Gladiator)         Turns: 1867, Time: 00:05:05

Health: -5/38      AC:  5    Str: 14    XL:     5   Next: 2%
Magic:  5/5        EV: 13    Int:  9    God:    Makhleb [......]
Gold:   104        SH:  0    Dex: 16    Spells: 4/4 levels left

rFire    . . .     SeeInvis .   a - +0 long sword
rCold    . . .     Gourm    .   (no shield)
rNeg     . . .     Faith    .   l - +2 leather armour {rPois}
rPois    +         Spirit   .   (helmet restricted)
rElec    .         Reflect  .   (no cloak)
rCorr    .         Harm     .   (no gloves)
MR       .....                  (no boots)
Stlth    +.........             b - amulet of rage
HPRegen  0.12/turn              (no ring)
MPRegen  0.09/turn              (no ring)

@: confused, berserk cooldown, starving, slowed, very slow
A: antennae 2, claws 1, talons 1
a: Renounce Religion, Evoke Berserk Rage


You were on level 3 of the Dungeon.
You worshipped Makhleb.
Makhleb was noncommittal.
You were starving.

You visited 1 branch of the dungeon, and saw 3 of its levels.

You collected 104 gold pieces.

Inventory:

Hand Weapons
 a - a +0 long sword (weapon)
Missiles
 d - 3 throwing nets (quivered)
Armour
 j - a +0 ring mail
 l - a +2 leather armour of poison resistance (worn)
Jewellery
 b - an amulet of rage (around neck)
 h - an uncursed amulet of the acrobat
Scrolls
 e - a scroll of identify
 g - 2 scrolls of remove curse
 k - a scroll of enchant armour
Potions
 i - 2 potions of might
 n - a potion of agility
Comestibles
 f - 3 rations


   Skills:
 + Level 2.3 Fighting
 + Level 4.0 Long Blades
 - Level 1.7 Throwing
 + Level 1.1 Armour
 * Level 3.5 Dodging
 + Level 0.5 Stealth
 * Level 1.0 Invocations
 + Level 0.6 Evocations


You had 4 spell levels left.
You didn't know any spells.
Your spell library was empty.

Dungeon Overview and Level Annotations

Branches:
Dungeon (3/15)

Altars:
Makhleb


Innate Abilities, Weirdness & Mutations

You have a pair of antennae on your head.
You have sharp fingernails.
You have sharp toenails.


Message History

You riposte.
You barely miss the orc priest.
You hit the orc priest but do no damage.
You claw the orc priest, but do no damage.
The orc hits you with a +0 flail.
* * * LOW HITPOINT WARNING * * *
The orc priest barely misses you.
You riposte.
You hit the orc priest but do no damage.
The orc hits you with a +0 flail.
* * * LOW HITPOINT WARNING * * *
The orc priest hits you but does no damage.
You are confused.
You feel invigorated.
You hear the slow rusting of a very distant drain.
The orc priest hits you with a +0 whip!
* * * LOW HITPOINT WARNING * * *
You bump into the rock wall.
The orc hits you with a +0 flail.
* * * LOW HITPOINT WARNING * * *
The orc priest calls down the wrath of Beogh upon you.
Beogh smites you!
You die...

*,,*<*** *,*,* #.#
*,,*,* ####.#.## #<#
*,,*,* #.......# #.#
*,,*,* #.#..*,*
#.,...o.#..# #..,,,,
*,**,* #.*#.#.##..#
###**** *,**,**
#.##o#o##..# *
*,,,,,***#..o@oo....#
*
*,**#......#######.##
* *,*
#.####.......#.# *
*,***,* ##.o.o....# *
*,,,,,* #.####.### *
*,*,*** *,**#...## *
*,*,*******,*#.###.##
* *,*,,,,,,,,,...*
#..# *
*,*********.##,**#..#
*


You could see an orc priest and 4 orcs.

Vanquished Creatures
  An orc wizard (D:3)
  Jessica (D:2)
  4 adders (D:2)
  A worm (D:2)
  2 dart slugs
  A leopard gecko (D:1)
  4 orcs (D:3)
  3 giant cockroaches
  4 goblins
  3 hobgoblins
  3 jackals (D:1)
  4 bats
  3 frilled lizards (D:1)
  5 kobolds
  5 rats
44 creatures vanquished.

Notes
Turn   | Place    | Note
-------+----------+-------------------------------------------
     0 | D:1      | Revguard the Demonspawn Gladiator began the quest for the
                  | Orb.
     0 | D:1      | Reached XP level 1. HP: 16/16 MP: 1/1
   195 | D:1      | Gained mutation: You have a pair of small antennae on your
                  | head. [demonic ancestry]
   195 | D:1      | Reached XP level 2. HP: 16/22 MP: 2/2
   459 | D:1      | Reached skill level 3 in Long Blades
   929 | D:2      | Gained mutation: You have sharp fingernails. [demonic
                  | ancestry]
   929 | D:2      | Reached XP level 3. HP: 27/27 MP: 3/3
   957 | D:2      | Noticed Jessica
   962 | D:2      | Killed Jessica
   962 | D:2      | Gained mutation: You have sharp toenails. [demonic
                  | ancestry]
   962 | D:2      | Reached XP level 4. HP: 3/33 MP: 4/4
  1576 | D:2      | Found a burning altar of Makhleb.
  1611 | D:2      | Became a worshipper of Makhleb the Destroyer
  1856 | D:3      | Reached skill level 4 in Long Blades
  1856 | D:3      | Reached skill level 1 in Armour
  1859 | D:3      | Gained mutation: You have a pair of antennae on your head.
                  | [demonic ancestry]
  1859 | D:3      | Reached XP level 5. HP: 38/38 MP: 5/5
  1864 | D:3      | Reached skill level 1 in Invocations
  1867 | D:3      | Killed from afar by an orc priest

Skill      XL: |  1  2  3  4  5 |
---------------+----------------+-----
Dodging        | 3 |  3.5
Long Blades    | 3 4 |  4.0
Armour         | 1 |  1.1
Invocations    | 1 |  1.0
Fighting       | |  2.3
Throwing       | |  1.7
Stealth        | |  0.5
Evocations     | |  0.6

Action                   |  1- 3 |  4- 6 || total
-------------------------+-------+-------++-------
Melee: Long sword        |    64 |    45 ||   109
       Kick              |       |    12 ||    12
 Abil: Evoke Berserk Rag |     2 |     1 ||     3
  Use: Scroll            |       |     8 ||     8
       Potion            |       |     1 ||     1
  Eat: Chunk             |     1 |     3 ||     4
Armor: Leather armour    |    19 |     9 ||    28
       Ring mail         |     3 |     5 ||     8
Dodge: Dodged            |    67 |    42 ||   109
       Rpst.: Long sword |    18 |    18 ||    36
